 Dungeon Crawl Stone Soup version 0.31-a0-263-ge8cad7f256 (webtiles) character file.

Game seed: 9257863481076692128

3257 qw the Skirmisher (level 10, 0/63 HPs)
             Began as a Gargoyle Hexslinger on July 13, 2023.
             Was a Believer of Okawaru.
             Killed from afar by a white imp (1 damage)
             ... with a puff of frost
             ... on level 7 of the Dungeon.
             The game lasted 00:02:59 (7125 turns).

qw the Skirmisher (Gargoyle Hexslinger)             Turns: 7125, Time: 00:02:59

Health: 0/63       AC: 17    Str: 13    XL:     10   Next: 0%
Magic:  11/13      EV: 16    Int: 13    God:    Okawaru [**....]
Gold:   125        SH:  0    Dex: 16    Spells: 10/11 levels left

rFire   . . .        l - +0 shortbow
rCold   + . .        (shield currently unavailable)
rNeg    + . .        o - +0 steam dragon scales
rPois   inf          (no helmet)
rElec   +            p - +0 cloak
rCorr   .            (no gloves)
SInv    .            q - +0 pair of boots
Will    +....        (no amulet)
Stlth   +++          e - ring of willpower
HPRegen 0.30/turn    i - ring of protection from cold
MPRegen 0.13/turn

%: no passive effects
@: heroic
A: sickness immunity, AC +7, negative energy resistance 1, electricity
resistance, torment resistance 1, petrification resistance
a: Renounce Religion, Heroism


You were on level 7 of the Dungeon.
You worshipped Okawaru.
Okawaru was pleased with you.
You visited 1 branch of the dungeon, and saw 7 of its levels.

You collected 400 gold pieces.
You spent 275 gold pieces at shops.


Innate Abilities, Weirdness & Mutations

You are immune to sickness and miasma.
Your stone body is resilient. (AC +7)
You are immune to poison.
You resist negative energy. (rN+)
You are resistant to electric shocks. (rElec)
You are resistant to unholy torment.
You are immune to petrification.


   Skills:
 - Level 7.0(12.0) Fighting
 + Level 10.3(15.3) Ranged Weapons
 - Level 4.5(9.5) Armour
 - Level 3.0(8.0) Dodging
 - Level 1.0 Spellcasting
 - Level 2.6 Hexes
 - Level 4.2 Invocations


You had 10 spell levels left.
You knew the following spells:

 Your Spells              Type           Power      Damage    Failure   Level
a - Slow                  Hex            28%        N/A       10%         1

Your spell library contained the following spells:

 Spells                   Type           Power      Damage    Failure   Level
 Inner Flame              Hex/Fire       4%         N/A       43%         3
 Portal Projectile        Hex/Tloc       8%         N/A       43%         3
 Cause Fear               Hex            3%         N/A       67%         4

Inventory:

Hand Weapons
 l - a +0 shortbow (weapon)
Armour
 o - +0 steam dragon scales (worn)
 p - a +0 cloak (worn)
 q - a +0 pair of boots (worn)
Jewellery
 e - a ring of willpower (left hand)
 i - a ring of protection from cold (right hand)
 m - a +6 ring of dexterity
 r - an amulet of reflection
Scrolls
 b - 2 scrolls of amnesia {unknown}
 h - 2 scrolls of identify
Potions
 a - 3 potions of curing
 c - 2 potions of magic
 d - 3 potions of enlightenment
 f - 2 potions of might
 g - 2 potions of mutation
 j - a potion of haste
 k - a potion of cancellation
 n - a potion of degeneration {unknown}

Dungeon Overview and Level Annotations

Branches:
Dungeon (7/15)             Temple (0/1) D:5

Altars:
Fedhas
Gozag
Makhleb
Nemelex Xobeh
Okawaru
Vehumet
Yredelemnul
Zin

Shops:
D:4 *   D:6 [

Annotations:
D:5 3 runed translucent doors, qw's ghost, amateur DEHu; qw's ghost, novice GrHs; qw's ghost, novice MiHs


Message History

The scorpion closely misses you.
You shoot an arrow. The arrow hits the scorpion!
The scorpion is almost dead.
The gnoll bouda completely misses you.
The scorpion stings you but does no damage.
You shoot an arrow. The arrow hits the scorpion!
You kill the scorpion!
Okawaru accepts your kill.
The gnoll bouda hits you but does no damage.
You have reached level 10!
You shoot an arrow. The arrow closely misses the troll.
You shoot an arrow. The arrow hits the troll.
The troll is lightly wounded.
The orc warrior hits you but does no damage.
The gnoll bouda hits you with a +0 club.
The white imp gestures at you. The puff of frost hits you. You resist.
The troll barely misses you. The troll claws you! The troll closely misses you.
You shoot an arrow.
The arrow hits the troll but does no damage.
The troll is lightly wounded.
The orc warrior closely misses you. The gnoll bouda closely misses you.
The white imp barely misses you. The troll bites you.
The troll closely misses you. The troll completely misses you.
You shoot an arrow. The arrow hits the troll.
The troll is lightly wounded.
You shoot an arrow. The arrow closely misses the troll.
The orc warrior hits you but does no damage.
The gnoll bouda barely misses you. The white imp gestures at you.
The puff of frost misses you. The troll bites you!
The troll claws you but does no damage. The troll claws you.
You shoot an arrow. The arrow barely misses the troll.
The troll bites you but does no damage. The troll claws you but does no damage.
The troll misses you.
The orc warrior hits you but does no damage.
The gnoll bouda barely misses you. The white imp gestures at you.
The puff of frost hits you. You resist.
You die...

####...#..######...######..##
## ##....##.................#
# #.....#.####.....####..##
##..##.#.#).##...##.y#..#
#..###...#...##.##...#..#
####..# ##..##.FT#.#...##..#
##....# ###..##Jl#.#'.##...#
......###.....###TD.###....#
#.....#.........@g8........#
###......##...###5o.###...##
##...####..## '#.#'.##..#
#...## #.## 9#.# ..##.#
##...## #.# .##.## .#.# #
##.....## #.# ##...##
#.####### #.......#
#.####.....####.##...#.
.......##
#................##....
.......#
######.######...#....


You could see a troll, a steam dragon, an orc warrior, a gnoll bouda and a white
imp.

Vanquished Creatures
  An ugly thing (D:7)
  A slime creature (D:7)
  A wyvern (D:6)
  A vampire mosquito (D:7)
  A steam dragon (D:6)
  2 water moccasins
  4 ice beasts
  A black bear (D:7)
  3 ogres
  2 centaurs (D:7)
  2 phantoms
  3 scorpions
  2 bullfrogs (D:7)
  2 jellies (D:6)
  A killer bee (D:7)
  2 howler monkeys (D:7)
  An orc priest (D:7)
  5 hounds
  A sleepcap (D:6)
  3 iguanas
  3 orc wizards (D:7)
  4 gnolls
  6 adders
  A white imp (D:6)
  2 ufetubi (D:6)
  3 worms
  3 dart slugs
  15 orcs
  11 ball pythons
  2 bats
  6 endoplasms
  7 giant cockroaches
  9 goblins
  5 hobgoblins
  4 quokkas
  3 frilled lizards (D:2)
  8 kobolds
  4 rats
135 creatures vanquished.

Notes
Turn   | Place    | Note
-------+----------+-------------------------------------------
     0 | D:1      | qw the Gargoyle Hexslinger began the quest for the Orb.
     0 | D:1      | Reached XP level 1. HP: 12/12 MP: 2/2
     0 | D:1      | 0 ||| qw: Version: 0.3-a-52-g30416fa
     0 | D:1      | 0 ||| qw: Game counter: 7048
     0 | D:1      | 0 ||| qw: Melee chars always use a shield: true
     0 | D:1      | 0 ||| qw: God list: Okawaru
     0 | D:1      | 0 ||| qw: Allow faded altars: false
     0 | D:1      | 0 ||| qw: Do Orc after clearing Dungeon:15 true
     0 | D:1      | 0 ||| qw: Do second Lair branch before Depths: true
     0 | D:1      | 0 ||| qw: Lair rune preference: random
     0 | D:1      | 0 ||| qw: Goals: Normal
     0 | D:1      | 0 ||| PLANNING D:1-11
    89 | D:1      | 89 ||| FLEEEEING.
    90 | D:1      | 90 ||| FLEEEEING.
    91 | D:1      | 91 ||| FLEEEEING.
   106 | D:1      | Reached XP level 2. HP: 16/16 MP: 3/3
   122 | D:1      | Found a faded altar of an unknown god.
   182 | D:1      | Reached skill level 3 in Ranged Weapons
   744 | D:1      | 744 ||| DROPPING amulet of magic regeneration.
   745 | D:1      | 745 ||| UPGRADING to ring of willpower.
   746 | D:1      | 746 ||| READING scroll labelled MEIR JATRAAKK.
   747 | D:1      | 747 ||| READING scroll labelled HOPHAEROI.
   748 | D:1      | 748 ||| READING scroll labelled WOEVIM REUNN.
   759 | D:1      | 759 ||| READING scroll labelled SEOWKEPLEI.
   760 | D:1      | 760 ||| DROPPING scroll of poison.
   877 | D:2      | Reached XP level 3. HP: 11/21 MP: 4/4
  1462 | D:2      | Reached XP level 4. HP: 26/26 MP: 5/5
  1557 | D:2      | 1557 ||| UPGRADING to +0 ring mail.
  1567 | D:2      | 1567 ||| DROPPING +0 robe.
  1568 | D:2      | 1568 ||| DRINKING 2 cyan potions.
  1569 | D:2      | 1569 ||| READING 3 scrolls of identify.
  1569 | D:2      | 1569 ||| IDENTIFYING smoky black potion
  1570 | D:2      | 1570 ||| READING 2 scrolls of identify.
  1570 | D:2      | 1570 ||| IDENTIFYING yellow potion
  1571 | D:2      | 1571 ||| DROPPING potion of attraction.
  1627 | D:3      | Found a burning altar of Makhleb.
  1687 | D:3      | Found a sparkling altar of Nemelex Xobeh.
  1821 | D:3      | Reached skill level 4 in Ranged Weapons
  1887 | D:3      | Reached skill level 1 in Armour
  2016 | D:3      | Found a radiant altar of Vehumet.
  2203 | D:3      | 2203 ||| READING scroll labelled ANAWUGEGAE.
  2204 | D:3      | 2204 ||| READING 2 scrolls of identify.
  2204 | D:3      | 2204 ||| IDENTIFYING bubbling blue potion
  2205 | D:3      | 2205 ||| DROPPING potion of invisibility.
  2390 | D:4      | Reached XP level 5. HP: 27/30 MP: 6/6
  2476 | D:4      | 2476 ||| READING scroll labelled YNOLIC LUSE.
  2477 | D:4      | 2477 ||| READING scroll labelled QATWEUS LEUDU.
  2478 | D:4      | 2478 ||| READING 2 scrolls of identify.
  2478 | D:4      | 2478 ||| IDENTIFYING silvery potion
  2479 | D:4      | 2479 ||| DROPPING potion of lignification.
  2486 | D:4      | 2486 ||| FLEEEEING.
  2487 | D:4      | 2487 ||| STAIRDANCE
  2498 | D:4      | Reached skill level 5 in Ranged Weapons
  2577 | D:4      | Found Zorej's General Store.
  2599 | D:4      | 2599 ||| SHOPLISTING +2 ring mail of fire resistance (231
                  | gold, have 205).
  2599 | D:4      | 2599 ||| BUYING potion of enlightenment (55 gold).
  2599 | D:4      | Bought a potion of enlightenment for 55 gold pieces
  2599 | D:4      | 2599 ||| BUYING scroll of identify (22 gold).
  2599 | D:4      | Bought a scroll of identify for 22 gold pieces
  2599 | D:4      | 2599 ||| SHOPLISTING wand of digging (7) (323 gold, have
                  | 128).
  2685 | D:4      | Noticed an ogre
  2690 | D:4      | Killed an ogre
  2691 | D:4      | Reached skill level 3 in Fighting
  2691 | D:4      | Reached XP level 6. HP: 38/38 MP: 7/7
  2736 | D:4      | 2736 ||| DROPPING ring of magical power.
  2737 | D:4      | 2737 ||| READING 3 scrolls of identify.
  2737 | D:4      | 2737 ||| IDENTIFYING golden potion
  2738 | D:4      | 2738 ||| READING 2 scrolls of identify.
  2738 | D:4      | 2738 ||| IDENTIFYING emerald potion
  2739 | D:4      | 2739 ||| DROPPING potion of ambrosia.
  2744 | D:4      | 2744 ||| STAIRDANCE
  2964 | D:4      | Found a blossoming altar of Fedhas.
  2967 | D:4      | Found an iron altar of Okawaru.
  2968 | D:4      | 2968 ||| PLANNING OKAWARU WORSHIP
  2970 | D:4      | Became a worshipper of Warmaster Okawaru
  2971 | D:4      | 2971 ||| PLANNING D:1-11
  3264 | D:4      | 3264 ||| DRINKING 2 coppery potions.
  3285 | D:5      | Entered Level 5 of the Dungeon
  3366 | D:5      | Noticed a water moccasin
  3372 | D:5      | Killed a water moccasin
  3373 | D:5      | Reached skill level 6 in Ranged Weapons
  3373 | D:5      | Reached XP level 7. HP: 37/42 MP: 8/8
  3450 | D:5      | 3450 ||| Stepping ~*~*~tactically~*~*~ (outnumbered).
  3455 | D:5      | 3455 ||| FLEEEEING.
  3456 | D:5      | 3456 ||| FLEEEEING.
  3457 | D:5      | 3457 ||| STAIRDANCE
  3519 | D:4      | 3519 ||| UPGRADING to ring of protection from cold.
  3525 | D:5      | 3525 ||| STAIRDANCE
  3589 | D:5      | 3589 ||| STAIRDANCE
  3626 | D:5      | 3626 ||| STAIRDANCE
  3703 | D:5      | Reached * piety under Okawaru
  3806 | D:5      | 3806 ||| INVOKING Heroism.
  3816 | D:5      | Reached skill level 7 in Ranged Weapons
  3867 | D:5      | Found a staircase to the Ecumenical Temple.
  3887 | D:5      | Reached skill level 1 in Invocations
  4066 | D:5      | Reached XP level 8. HP: 43/48 MP: 9/9
  4181 | D:5      | Found a runed translucent gate.
  4181 | D:5      | Found a runed translucent gate.
  4184 | D:5      | Found a runed translucent gate.
  4184 | D:5      | Noticed qw's ghost (novice MiHs)
  4184 | D:5      | Noticed qw's ghost (novice GrHs)
  4185 | D:5      | Noticed qw's ghost (amateur DEHu)
  4186 | D:5      | Noticed qw's ghost (novice MiHs)
  4424 | D:6      | Reached skill level 8 in Ranged Weapons
  4424 | D:6      | Reached skill level 3 in Invocations
  4465 | D:6      | Noticed a wyvern
  4470 | D:6      | 4470 ||| INVOKING Heroism.
  4475 | D:6      | Killed a wyvern
  4615 | D:6      | 4615 ||| INVOKING Heroism.
  4855 | D:6      | 4855 ||| INVOKING Heroism.
  4885 | D:6      | 4885 ||| INVOKING Heroism.
  4925 | D:6      | 4925 ||| INVOKING Heroism.
  5081 | D:6      | Reached skill level 9 in Ranged Weapons
  5172 | D:6      | Found a glowing silver altar of Zin.
  5172 | D:6      | Noticed an angel
  5303 | D:6      | 5303 ||| Stepping ~*~*~tactically~*~*~ (cloud).
  5309 | D:6      | 5309 ||| INVOKING Heroism.
  5319 | D:6      | Reached XP level 9. HP: 31/55 MP: 10/12
  5435 | D:6      | Found a basalt altar of Yredelemnul.
  5482 | D:6      | Found Jaomaetz's Antique Armour Shop.
  5489 | D:6      | 5489 ||| BUYING cloak (99 gold).
  5489 | D:6      | Bought a cloak for 99 gold pieces
  5489 | D:6      | 5489 ||| BUYING pair of boots (99 gold).
  5489 | D:6      | Bought a pair of boots for 99 gold pieces
  5489 | D:6      | 5489 ||| UPGRADING to +0 steam dragon scales.
  5499 | D:6      | 5499 ||| DROPPING +0 ring mail.
  5500 | D:6      | 5500 ||| UPGRADING to +0 cloak.
  5505 | D:6      | 5505 ||| UPGRADING to +0 pair of boots.
  5510 | D:6      | 5510 ||| READING scroll labelled MIKAIH BUUSOR.
  5515 | D:6      | 5515 ||| READING scroll labelled BATIWO WU HERESIO.
  5516 | D:6      | 5516 ||| DRINKING 2 black potions.
  5517 | D:6      | 5517 ||| READING 3 scrolls of identify.
  5517 | D:6      | 5517 ||| IDENTIFYING fizzy inky potion
  5518 | D:6      | 5518 ||| READING 2 scrolls of identify.
  5518 | D:6      | 5518 ||| IDENTIFYING white potion
  5528 | D:7      | Found an opulent altar of Gozag.
  5708 | D:7      | Noticed a white ugly thing
  5718 | D:7      | 5718 ||| INVOKING Heroism.
  5722 | D:7      | HP: 13/55 [white ugly thing (4)]
  5722 | D:7      | HP: 5/55 [white ugly thing (8)]
  5731 | D:7      | Killed a white ugly thing
  5954 | D:7      | 5954 ||| INVOKING Heroism.
  5959 | D:7      | Reached skill level 6 in Fighting
  6080 | D:7      | 6080 ||| SWAPPING to +0 shortbow.
  6081 | D:7      | 6081 ||| DROPPING +1 sling of draining.
  6104 | D:7      | 6104 ||| INVOKING Heroism.
  6225 | D:7      | 6225 ||| INVOKING Heroism.
  6586 | D:7      | Reached ** piety under Okawaru
  6587 | D:7      | Reached skill level 10 in Ranged Weapons
  6640 | D:7      | 6640 ||| INVOKING Heroism.
  6651 | D:7      | Reached skill level 3 in Dodging
  7080 | D:7      | 7080 ||| Stepping ~*~*~tactically~*~*~ (outnumbered).
  7082 | D:7      | 7082 ||| INVOKING Heroism.
  7090 | D:7      | Noticed a troll
  7090 | D:7      | Noticed a gargoyle
  7092 | D:7      | 7092 ||| Stepping ~*~*~tactically~*~*~ (outnumbered).
  7113 | D:7      | 7113 ||| INVOKING Heroism.
  7120 | D:7      | Reached XP level 10. HP: 31/63 MP: 10/13
  7121 | D:7      | HP: 13/63 [troll (8)]
  7124 | D:7      | HP: 2/63 [troll (10)]
  7125 | D:7      | Killed from afar by a white imp

Levels and vault maps discovered:
D:1:      lightli_arrival_windingriver, layout_loops_ring,
          hellmonk_ecumenical_altar_blasted, solitary_fountain, minivault_5
D:2:      layout_loops_ring, kennysheep_big_empty_room
D:3:      layout_basic, nicolae_overflow_hidden_temple,
          mainiacjoe_overflow_catch_the_wave, guppyfry_early_orc_mine
D:4:      layout_layer_cave, nicolae_overflow_squiral, serial_shops,
          nicolae_diamond_shop
D:5:      layout_basic, temple_green, gammafunk_ghost_cemetery
D:6:      nicolae_cairo_tiling_very_big, layout_loops_cross, zin_angel,
          kennysheep_little_box, serial_shops, nicolae_shop_peninsula
D:7:      cheibrodos_barr_body, layout_layer_cave, overflow_temple_1_default,
          kb_rosetta

Skill      XL: |  1  2  3  4  5  6  7  8  9 |
---------------+----------------------------+-----
Ranged Weapons | 3 4 5 6 7 9 10 | 10.3
Fighting       | 2 3 4 5 7 |  7.0
Armour         | 1 4 |  4.5
Invocations    | 2 4 |  4.2
Dodging        | 2 3 |  3.0
Spellcasting   | |  1.0
Hexes          | |  2.6

Action                     |  1- 3 |  4- 6 |  7- 9 | 10-12 || total
---------------------------+-------+-------+-------+-------++-------
   Fire: Sling             |   123 |   224 |   247 |       ||   594
         Shortbow          |       |       |   113 |     6 ||   119
 Invoke: Heroism           |       |       |    14 |       ||    14
    Use: Scroll            |     4 |     9 |     4 |       ||    17
         Potion            |       |     2 |     1 |       ||     3
 Armour: Robe              |    19 |     2 |       |       ||    21
         Ring mail         |       |    44 |    71 |       ||   115
         Steam dragon scal |       |       |    49 |     6 ||    55
  Dodge: Dodged            |    39 |    65 |   170 |    11 ||   285

Table legend:
 A = Non-vault XP
 B = Vault XP
 C = Vault XP percentage of total XP
 D = Non-vault monster count
 E = Vault monster count
 F = Vault count percentage of total count
                 A         B        C        D         E       F
            +---------+---------+-------+---------+---------+-------
      Total |    3304 |    1350 |  29.0 |     119 |      16 |  11.9
            +---------+---------+-------+---------+---------+-------
        D:1 |      28 |       0 |   0.0 |      14 |       0 |   0.0
        D:2 |      62 |       0 |   0.0 |      22 |       0 |   0.0
        D:3 |      40 |      17 |  29.8 |      18 |       7 |  28.0
        D:4 |     418 |       0 |   0.0 |      29 |       0 |   0.0
        D:5 |     758 |       0 |   0.0 |      10 |       0 |   0.0
        D:6 |    1168 |       0 |   0.0 |      15 |       0 |   0.0
        D:7 |     830 |    1333 |  61.6 |      11 |       9 |  45.0
            +---------+---------+-------+---------+---------+-------
